 Dungeon Crawl Stone Soup version 0.20.1-1-g8b1a95d (webtiles) character file.

55 Irenicus the Insei (level 3, 0/30 HPs)
             Began as a Deep Dwarf Transmuter on Oct 20, 2017.
             Slain by a worm (7 damage)
             ... on level 2 of the Dungeon.
             The game lasted 00:02:57 (1079 turns).

Irenicus the Insei (Deep Dwarf Transmuter)          Turns: 1079, Time: 00:02:58

Health: 0/30       AC:  3    Str: 13    XL:     3   Next: 67%
Magic:  4/5        EV: 12    Int: 13    God:
Gold:   49         SH:  0    Dex: 14    Spells: 5/6 levels left

rFire    . . .     SeeInvis .     - Unarmed
rCold    . . .     Gourm    .   (no shield)
rNeg     . . .     Faith    .   g - +0 leather armour
rPois    .         Spirit   .   (no helmet)
rElec    .         Reflect  .   (no cloak)
rCorr    .         Harm     .   (no gloves)
MR       .....                  (no boots)
Stlth    +.........             (no amulet)
Regen    0.0/turn               (no ring)
MPRegen  0.1/turn               (no ring)

@: appendage, non-regenerating
A: damage resistance, heal wounds, horns 2, sense surroundings 1, no
regeneration
a: Heal Wounds, End Transformation


You were on level 2 of the Dungeon.
You were not hungry.
You had grown temporary horns.
You visited 1 branch of the dungeon, and saw 2 of its levels.

You collected 49 gold pieces.

Inventory:

Missiles
 a - 12 arrows
Armour
 b - a +0 robe
 g - a +0 leather armour (worn)
 l - a +2 shield of protection
Scrolls
 e - a scroll of identify {unknown}
 f - a scroll of remove curse {unknown}
 i - a scroll of blinking {unknown}
 k - a scroll of enchant weapon {unknown}
Potions
 h - a potion of lignification {unknown}
Books
 c - a book of Changes

   Spells                             Type                      Level
   a - Beastly Appendage              Transmutation                1
   b - Sticks to Snakes               Transmutation                2
   c - Spider Form                    Transmutation/Poison         3
   d - Ice Form                       Ice/Transmutation            4
   e - Blade Hands                    Transmutation                5
Comestibles
 d - 3 bread rations
 j - 2 royal jellies


   Skills:
 + Level 0.8 Fighting
 - Level 2.1 Dodging
 + Level 4.0 Unarmed Combat
 - Level 2.0 Spellcasting
 - Level 2.0 Transmutations


You had 5 spell levels left.
You knew the following spells:

 Your Spells              Type           Power        Failure   Level  Hunger
a - Beastly Appendage     Tmut           #.....       14%         1    ##.....


Dungeon Overview and Level Annotations

Branches:
Dungeon (2/15)

Altars:
Gozag


Innate Abilities, Weirdness & Mutations

You are resistant to damage.
You can heal yourself by infusing magical energy.
You passively map a small area around you.
You do not regenerate.
You have a pair of horns on your head.


Message History

You are feeling very hungry.
You open the door.
There is an open door here.
You butcher the frilled lizard corpse.
m - a chunk of flesh Eating a chunk of flesh.
You eat the chunk of flesh.
This raw flesh tastes terrible.
A worm comes into view.
A worm is nearby!
Found 19 sling bullets.
Casting: Beastly Appendage
Confirm with . or Enter, or press ? or * to list all spells.
You grow a pair of large bovine horns.
You see here a scroll labeled YGUFOILUUN.
You hit the worm.
The worm is moderately wounded.
You hit the worm.
The worm is moderately wounded.
The worm bites you!
You die...

** * * ..... ..#, , , ,,
.....##.# * * , ,
*#....(..#.##############
,
+...............>.......
, , * #.......#
#####..####### ,
#.......# #.........
#......w# #....##### , <
#......@# #....# #. ,
#######.#.# #....# #. , *
#.#.# #.##### #. * *
#.#.# #.....# #.
####+###.#.#####.....# #.
,.........#....^'.....#
#.
,........#.#####.....###.
,..............+.....'.#.
####........###.....#.#.


You could see a worm.

Vanquished Creatures
  2 adders (D:2)
  2 oozes (D:1)
  A worm (D:2)
  A dart slug (D:1)
  A leopard gecko (D:1)
  2 giant cockroaches (D:2)
  4 hobgoblins
  A quokka (D:2)
  2 bats
  A frilled lizard (D:2)
  5 kobolds
  4 rats
26 creatures vanquished.

Notes
Turn   | Place    | Note
-------+----------+-------------------------------------------
     0 | D:1      | Irenicus the Deep Dwarf Transmuter began the quest for the Orb.
     0 | D:1      | Reached XP level 1. HP: 16/16 MP: 3/3
   104 | D:1      | Reached skill level 3 in Unarmed Combat
   138 | D:1      | Reached XP level 2. HP: 10/24 MP: 4/4
   706 | D:2      | Reached XP level 3. HP: 5/30 MP: 4/6
   928 | D:2      | Reached skill level 4 in Unarmed Combat
  1024 | D:2      | Found an opulent altar of Gozag.
  1079 | D:2      | Slain by a worm

Skill      XL: |  1  2  3 |
---------------+----------+-----
Unarmed Combat | 3 4 |  4.0
Spellcasting   | 2 |  2.0
Transmutations | 2 |  2.0
Fighting       | |  0.8
Dodging        | |  2.1

Action                   || total
-------------------------++-------
Melee: Unarmed           ||   102
       Headbutt          ||     6
       Kick              ||     6
 Cast: Beastly Appendage ||    16
 Abil: Heal Wounds       ||     1
  Eat: Chunk             ||     1
Armor: Robe              ||     6
       Leather armour    ||    13
Dodge: Dodged            ||    47
